 Dungeon Crawl Stone Soup version 0.20-b1 (webtiles) character file.

837 Inarius the Covered (level 7, 0/61 HPs)
             Began as a Minotaur Fighter on May 18, 2017.
             Killed from afar by an orc wizard (7 damage)
             ... with a magic dart
             ... on level 4 of the Dungeon.
             The game lasted 00:07:21 (3903 turns).

Inarius the Covered (Minotaur Fighter)              Turns: 3903, Time: 00:07:22

Health: 0/61       AC:  9    Str: 21    XL:     7   Next: 66%
Magic:  6/6        EV: 10    Int:  5    God:
Gold:   244        SH: 10    Dex: 11    Spells: 6/6 levels left

rFire    . . .     SeeInvis .   g - -2 short sword (curse)
rCold    + . .     Gourm    .   c - +0 shield
rNeg     . . .     Faith    .   v - +2 ring mail {rC+}
rPois    .         Spirit   .   (helmet restricted)
rElec    .         Reflect  .   i - +0 cloak
rCorr    .         Harm     .   (no gloves)
MR       .....                  (no boots)
Stlth    +.........             (no amulet)
Regen    0.2/turn               (no ring)
MPRegen  0.1/turn               (no ring)

@: no status effects
A: retaliatory headbutt, horns 2
a: no special abilities


You were on level 4 of the Dungeon.
You were not hungry.

You visited 1 branch of the dungeon, and saw 4 of its levels.

You collected 244 gold pieces.

Inventory:

Hand Weapons
 a - a +0 long sword
 g - a cursed -2 short sword (weapon)
 n - a +3 quarterstaff of chaos
Armour
 c - a +0 shield (worn)
 i - a +0 cloak (worn)
 v - a +2 ring mail of cold resistance (worn)
Wands
 j - a wand of flame (14/48)
 m - a wand of scattershot (5/9)
Scrolls
 e - a scroll of immolation {unknown}
 h - 2 scrolls of amnesia
 k - a scroll of enchant weapon {unknown}
 l - a scroll of fog
 p - 2 scrolls of teleportation
 q - 2 scrolls of noise
 u - a scroll of magic mapping {unknown}
Potions
 d - 2 potions of might
Comestibles
 b - a royal jelly
 f - 2 bread rations
 o - 4 chunks of flesh


   Skills:
 + Level 5.2 Fighting
 + Level 2.1(3.6) Short Blades
 + Level 4.9(5.2) Long Blades
 - Level 2.6 Staves
 + Level 6.5 Armour
 + Level 2.3 Dodging
 + Level 5.6 Shields


You had 6 spell levels left.
You didn't know any spells.

Dungeon Overview and Level Annotations

Branches:
Dungeon (4/15)
 Temple: D:4-7

Altars:
Ashenzari
Cheibriados
Elyvilon
Kikubaaqudgha
Qazlal


Innate Abilities, Weirdness & Mutations

You reflexively headbutt those who attack you in melee.
You have a pair of horns on your head.


Message History

You resist with some effort.
You hit the ogre but do no damage. Your headbutt misses the ogre.
The ogre is lightly wounded.
The ogre hits you with a giant club!
The orc wizard gestures wildly while chanting.
The orc wizard blinks!
You hit the ogre but do no damage. You headbutt the ogre.
The ogre is moderately wounded.
The orc wizard mumbles some strange words.
The orc wizard seems to speed up.
The ogre hits you with a giant club!
* * * LOW HITPOINT WARNING * * *
You hit the ogre. You headbutt the ogre!
The ogre is heavily wounded.
The ogre hits you but does no damage.
The orc wizard points at you and mumbles some strange words.
The puff of flame hits you!
* * * LOW HITPOINT WARNING * * *
The orc wizard casts a spell at you. The magic dart hits you!
You die...

#...##### #O{...
#...# #oo... #...#
...... #...# ..##.#
#...# #... .# . #...#
#... #
..#######...######..o
.#......oo.......
.......@O........
##................
#######....#.####
#..o.#.# #....#.#
#....#.# #....#)###
#........#
####.#####.#


You could see an ogre, 2 orc wizards and an orc.

Vanquished Creatures
  The ghost of dvd the Vexing, an amateur FoAM (D:3)
  Menkaure (D:4)
  An ogre (D:3)
  2 scorpions
  A hound (D:3)
  2 orc priests
  3 orc wizards (D:4)
  Crazy Yiuf (D:2)
  Ijyb (D:4)
  7 adders
  3 oozes
  An adder skeleton (D:4)
  A worm (D:2)
  A dart slug (D:1)
  4 leopard geckos
  7 orcs
  2 ball pythons
  6 giant cockroaches
  5 goblins
  9 hobgoblins
  8 jackals
  7 kobolds
  2 quokkas
  11 bats
  11 frilled lizards
  A jackal zombie (D:3)
  9 rats
108 creatures vanquished.

Notes
Turn   | Place    | Note
-------+----------+-------------------------------------------
     0 | D:1      | Inarius the Minotaur Fighter began the quest for the Orb.
     0 | D:1      | Reached XP level 1. HP: 19/19 MP: 0/0
   208 | D:1      | Reached XP level 2. HP: 25/27 MP: 1/1
   345 | D:1      | Reached skill level 4 in Armour
   407 | D:1      | Reached XP level 3. HP: 29/33 MP: 2/2
  1119 | D:2      | Reached XP level 4. HP: 40/40 MP: 3/3
  1146 | D:2      | Found a runed door.
  1270 | D:2      | Noticed Crazy Yiuf
  1278 | D:2      | Killed Crazy Yiuf
  1867 | D:3      | Noticed dvd's ghost (amateur FoAM)
  1880 | D:3      | Killed dvd's ghost
  1880 | D:3      | Reached skill level 1 in Staves
  1880 | D:3      | Reached skill level 5 in Armour
  1880 | D:3      | Reached skill level 1 in Dodging
  1880 | D:3      | Reached XP level 5. HP: 19/47 MP: 4/4
  1880 | D:3      | Reached XP level 6. HP: 22/53 MP: 5/5
  2197 | D:3      | Found a shattered altar of Ashenzari.
  2197 | D:3      | Found a white marble altar of Elyvilon.
  2197 | D:3      | Found an ancient bone altar of Kikubaaqudgha.
  2197 | D:3      | Found a stormy altar of Qazlal.
  2197 | D:3      | Found a snail-covered altar of Cheibriados.
  2486 | D:3      | Reached skill level 5 in Shields
  2534 | D:3      | Reached XP level 7. HP: 18/60 MP: 6/6
  2962 | D:4      | Noticed Menkaure
  3114 | D:3      | Reached skill level 5 in Fighting
  3114 | D:3      | Reached skill level 6 in Armour
  3353 | D:4      | Killed Menkaure
  3353 | D:4      | Reached skill level 1 in Short Blades
  3551 | D:4      | Noticed Ijyb
  3566 | D:4      | Killed Ijyb
  3903 | D:4      | Killed from afar by an orc wizard

Skill      XL: |  1  2  3  4  5  6  7 |
---------------+----------------------+-----
Fighting       | 4 5 |  5.2
Armour         | 4 5 6 |  6.5
Shields        | 4 5 |  5.6
Long Blades    | 3 4 |  4.9
Staves         | 1 2 |  2.6
Dodging        | 1 2 |  2.3
Short Blades   | 2 |  2.1

Action                   |  1- 3 |  4- 6 |  7- 9 || total
-------------------------+-------+-------+-------++-------
Melee: Long sword        |    98 |    16 |       ||   114
       Headbutt          |     9 |    14 |    28 ||    51
       Quarterstaff      |       |    61 |       ||    61
       Short sword       |       |    20 |   119 ||   139
  Use: Scroll            |       |     9 |       ||     9
       Potion            |       |       |     1 ||     1
 Stab: Paralysed         |       |     1 |       ||     1
  Eat: Chunk             |     1 |     4 |     4 ||     9
       Fruit             |       |       |     1 ||     1
Armor: Scale mail        |    58 |    46 |       ||   104
       Ring mail         |       |    10 |    41 ||    51
Dodge: Dodged            |    33 |    55 |    23 ||   111
Block: Shield            |    48 |    22 |    41 ||   111
       Rpst.: Long sword |     8 |     1 |       ||     9
